 Dungeon Crawl Stone Soup version 0.18-a0-1642-g3ae59fa (webtiles) character file.

198 Geeful the Ruffian (level 5, -1/45 HPs)
             Began as a Ghoul Necromancer on Mar 28, 2016.
             Slain by an orc
             ... wielding a +0 whip
              (3 damage)
             ... on level 3 of the Dungeon.
             The game lasted 00:22:08 (2376 turns).

Geeful the Ruffian (Ghoul Necromancer)              Turns: 2376, Time: 00:22:08

Health: -1/45      AC:  2    Str: 11 (12) XL:     5   Next: 76%
Magic:  6/6        EV: 17    Int:  7 (10) God:
Gold:   78         SH:  0    Dex: 12 (15) Spells: 1 memorised, 6 levels left

rFire  . . .     SeeInvis .       - Unarmed
rCold  + . .     Gourm    .     a - +0 robe
rNeg   + + +     Faith    .     (no shield)
rPois  ∞         Spirit   .     (no helmet)
rElec  .         Dismiss  .     (no cloak)
rCorr  .         Reflect  .     (no gloves)
SustAt .         Harm     .     (no boots)
MR     .....                    (no amulet)
Stlth  +++.......               (no ring)
                                l - ring of wizardry

@: agile, rotting, not resistant to hostile enchantments, fairly stealthy
A: rotting body, claws 1, carnivore 3, cold resistance 1, negative energy
resistance 3, slow regeneration 1, torment resistance, unbreathing
a: no special abilities


You were on level 3 of the Dungeon.
You were not hungry.

You visited 1 branch of the dungeon, and saw 3 of its levels.

You collected 78 gold pieces.

Inventory:

Missiles
 k - 31 poisoned needles
Armour
 a - a +0 robe (worn)
 h - a +0 buckler
Jewellery
 l - a ring of wizardry (left claw)
Scrolls
 g - 2 scrolls of identify
Books
 b - a book of Necromancy

   Spells                             Type                      Level
   a - Pain                           Necromancy                   1
   b - Animate Skeleton               Necromancy                   1
   c - Vampiric Draining              Necromancy                   3
   d - Regeneration                   Charms/Necromancy            3
   e - Animate Dead                   Necromancy                   4
   f - Control Undead                 Necromancy                   4
 o - a book of Cantrips

   Spells                             Type                      Level
   a - Corona                         Hexes                        1
   b - Animate Skeleton               Necromancy                   1
   c - Summon Small Mammal            Summoning                    1
   d - Apportation                    Translocation                1
Comestibles
 c - a meat ration
 d - 12 chunks of flesh


   Skills:
 + Level 3.6 Fighting
 - Level 1.7 Dodging
 - Level 2.1 Stealth
 + Level 4.3 Unarmed Combat
 - Level 1.7 Spellcasting
 - Level 4.0 Necromancy


You had 6 spell levels left.
You knew the following spells:

 Your Spells              Type           Power        Failure   Level  Hunger
a - Pain                  Necr           #...         4%          1    ##.....


Dungeon Overview and Level Annotations

Branches:
Dungeon (3/15)

Altars:
Cheibriados

Annotations:
D:3 Robin


Innate Abilities, Weirdness & Mutations

Your body is rotting away.
You thrive on raw meat.
You are immune to poison.
You have sharp fingernails.
You are carnivorous and can eat meat at any time.
Your flesh is cold resistant.
You are immune to negative energy.
You regenerate slowly when monsters are visible.
You are immune to unholy pain and torment.
You can survive without breathing.


Message History

You closely miss the goblin.
The goblin no longer looks unusually strong.
The goblin misses you. The goblin closely misses you.
Robin roars a battlecry!
The goblins go into a battle-frenzy!
Robin hits you but does no damage. The orc barely misses you.
The goblin hits you but does no damage.
You closely miss the goblin.
The goblin no longer looks unusually strong.
The goblin closely misses you. The goblin hits you.
* * * LOW HITPOINT WARNING * * *
The orc barely misses you.
You claw the goblin!
You kill the goblin!
Robin says, "My goblins will feast on your bones."
Robin roars a battlecry!
The goblin goes into a battle-frenzy!
Robin barely misses you. The goblin hits you but does no damage.
The orc hits you with a whip.
You die...

..... .............g.##.........#
..###...............###.....[...#
.................g.# #.........#
....... #.......g.g# #.........#
.....# #..........# ###.#######
.....########.####.## ##..#
..........# #.# #..###..##
.........># #g#####.##÷.##
).........###gg§@gg.....##
..........÷..ooggo§......#####
.........##...oog.§..........#
#.###....##..................#
#.# ###..##..................#
#.# #......................# #..
####...................# ...
..................#### #..
..................##


You could see Robin, an orc wizard, 4 orcs, a hobgoblin and 6 goblins.

Vanquished Creatures
  An orc priest (D:3)
  3 gnolls (D:3)
  5 adders
  A worm (D:2)
  5 dart slugs
  5 giant geckos
  3 orcs (D:2)
  8 bats
  4 giant cockroaches
  9 goblins
  7 hobgoblins
  2 quokkas (D:2)
  2 ball pythons
  4 giant newts
  7 kobolds (D:1)
  12 rats
78 creatures vanquished.

Notes
Turn   | Place    | Note
--------------------------------------------------------------
     0 | D:1      | Geeful the Ghoul Necromancer began the quest for the Orb.
     0 | D:1      | Reached XP level 1. HP: 14/14 MP: 2/2
   155 | D:1      | Reached skill level 1 in Fighting
   158 | D:1      | Reached skill level 1 in Unarmed Combat
   158 | D:1      | Reached XP level 2. HP: 23/23 MP: 3/3
   352 | D:1      | Reached XP level 3. HP: 25/28 MP: 4/4
  1016 | D:2      | Reached XP level 4. HP: 17/36 MP: 5/5
  1116 | D:2      | Found a snail-covered altar of Cheibriados.
  1568 | D:3      | Found a faded altar to an unknown god.
  1840 | D:3      | Reached XP level 5. HP: 17/45 MP: 6/6
  2343 | D:3      | Noticed Robin
  2375 | D:3      | HP: 2/45 [goblin[Robin] (2)]
  2376 | D:3      | Slain by an orc

Vault maps used:
D:1:      scummos_arrival_checkerplants
D:2:      cheibriados_altar_1
D:3:      grunt_qazlal_sundering, ecumenical_altar_2, uniq_robin, uniq_terence

Skill      XL: |  1  2  3  4  5 |
---------------+----------------+-----
Fighting       | 1 2 3 |  3.6
Unarmed Combat | 1 2 3 4 |  4.3
Dodging        | |  1.7
Stealth        | |  2.1
Spellcasting   | |  1.7
Necromancy     | |  4.0

Action                   |  1- 3 |  4- 6 || total
-------------------------+-------+-------++-------
Melee: Unarmed           |   145 |   154 ||   299
 Cast: Pain              |       |     1 ||     1
  Use: Scroll            |       |     5 ||     5
       Potion            |       |     5 ||     5
 Stab: Sleeping          |     3 |     5 ||     8
  Eat: Chunk             |     9 |    20 ||    29
